 Dungeon Crawl Stone Soup version 0.23.1 (webtiles) character file.

Game seed: 0

6562 Gargoyl the Archer (level 10, -5/83 HPs)
             Began as a Centaur Abyssal Knight on Mar 5, 2019.
             Was a High Priest of Lugonu.
             Slain by a warg (14 damage)
             ... on level 10 of the Dungeon on Mar 6, 2019.
             The game lasted 00:20:39 (9732 turns).

Gargoyl the Archer (Centaur Abyssal Knight)         Turns: 9732, Time: 00:20:39

Health: -5/83      AC:  8    Str: 22    XL:     10   Next: 70%
Magic:  15/15      EV: 13    Int: 13    God:    Lugonu [*****.]
Gold:   474        SH:  3    Dex: 10    Spells: 9/9 levels left

rFire    + . .     SeeInvis .   G - +0 hand axe (elec)
rCold    + . .     Gourm    .   (no shield)
rNeg     . . .     Faith    .   b - +0 chain mail
rPois    .         Spirit   .   (no helmet)
rElec    .         Reflect  +   K - scarf {rC+ rF+}
rCorr    .         Harm     .   (no gloves)
MR       .....                  (no barding)
Stlth    ..........             n - +3 amulet of reflection
HPRegen  0.23/turn              k - +6 ring of evasion
MPRegen  0.14/turn              E - +2 ring of strength

@: mighty, berserk cooldown, flying, very quick
A: large, hooves 3, clever 1, deformed body, speed 2, tough skin 3, weak 1
a: Depart the Abyss, Bend Space, Banish, Corrupt, Enter the Abyss, Renounce
Religion


You were on level 10 of the Dungeon.
You worshipped Lugonu.
Lugonu was extremely pleased with you.
You were not hungry.

You visited 1 branch of the dungeon, and saw 10 of its levels.
You visited the Abyss 1 time.

You collected 474 gold pieces.

Inventory:

Hand Weapons
 a - a +1 hand axe
 g - a +5 longbow
 G - a +0 hand axe of electrocution (weapon)
Missiles
 d - 85 arrows
Armour
 b - a +0 chain mail (worn)
 K - a scarf of resistance (worn)
Jewellery
 k - a +6 ring of evasion (left hand)
 n - a +3 amulet of reflection (around neck)
 B - an uncursed amulet of regeneration
 C - an uncursed ring of protection from fire
 E - a +2 ring of strength (right hand)
Wands
 i - a wand of polymorph (9)
 z - a wand of flame (32)
 D - a wand of acid (7)
 F - a wand of digging (4)
 I - a wand of iceblast (19)
Scrolls
 e - 3 scrolls of fear
 f - 3 scrolls of amnesia
 m - 4 scrolls of teleportation
 t - 2 scrolls of blinking
 u - 5 scrolls of identify
 v - a scroll of magic mapping
 y - 4 scrolls of remove curse
 J - a scroll of enchant weapon
Potions
 l - 3 potions of haste
 o - a potion of heal wounds {unknown}
 p - 3 potions of agility {unknown}
 q - 2 potions of brilliance {unknown}
 r - a potion of flight
 w - 2 potions of resistance {unknown}
 x - a potion of degeneration {unknown}
 A - 7 potions of curing {unknown}
 H - a potion of cancellation {unknown}
Comestibles
 c - 17 rations
 L - 7 chunks of flesh


   Skills:
 + Level 6.2 Fighting
 + Level 2.9 Axes
 + Level 13.0 Bows
 * Level 4.8 Armour
 * Level 5.1 Dodging
 * Level 7.3 Invocations


You had 9 spell levels left.
You didn't know any spells.
Your spell library was empty.

Dungeon Overview and Level Annotations

Branches:
Dungeon (10/15)              Lair (0/6) D:10
 Temple: D:4-7          Orc: D:9-12

Altars:
Fedhas
Kikubaaqudgha
Jiyva

Annotations:
D:2 Sigmund
D:4 Grinder


Innate Abilities, Weirdness & Mutations

You have hooves in place of feet.
Armour fits poorly on your strangely shaped body.
You cover ground very quickly.
You have extremely tough skin. (AC +3)
Your mind is acute. (Int +2)
You are weak. (Str -2)


Message History

You completely miss the warg.
The warg is severely wounded.
You feel yourself speed up. The warg closely misses you. The warg bites you.
* * * LOW HITPOINT WARNING * * *
You hit the warg but do no damage.
The warg is severely wounded.
The warg closely misses you. The warg misses you.
You closely miss the warg. Your kick misses the warg.
The warg is severely wounded.
The warg barely misses you.
It was a potion of might.
You feel very mighty all of a sudden. The warg bites you!
* * * LOW HITPOINT WARNING * * *
You block the warg's attack.
It was a potion of flight.
You feel very buoyant.
You fly up into the air.
The warg bites you!
You die...

##...##
#...........
##...##
#...........
##.).#
#..........
#..##
#..........
##..##
###.........
##..##
###...###.....
##..## ###...###
####.. #...#
###.).### ###
##..###@ho##...#
##...####.....#
##..# .......
#..## ........
##.## ........
#.## ..>.....
##.# ......
#########.##
##.>.......#


You could see a warg and an orc priest.

Vanquished Creatures
  A two-headed ogre (D:10)
  Joseph (D:7)
  13 yaks
  2 wargs (D:10)
  A black bear (D:8)
  2 ice beasts (D:9)
  2 orc warriors
  5 sky beasts
  A phantom (D:7)
  7 ogres
  A big kobold (D:9)
  A bullfrog (D:8)
  3 scorpions
  3 killer bees (D:10)
  3 electric eels (D:6)
  3 crimson imps
  2 howler monkeys (D:8)
  6 hounds
  A quasit (D:9)
  2 bullfrog zombies
  3 jellies (D:8)
  A centaur skeleton (D:9)
  2 orc priests
  A bullfrog skeleton (D:9)
  6 orc wizards
  Terence (D:2)
  An iguana (D:5)
  6 worker ants
  A killer bee zombie (D:8)
  2 hound zombies
  A hound skeleton (D:7)
  10 adders
  4 shadow imps
  6 oozes
  An adder zombie (D:7)
  2 adder skeletons
  A worm (D:5)
  3 dart slugs (D:1)
  5 leopard geckos
  27 orcs
  9 bats
  5 giant cockroaches
  10 goblins
  8 hobgoblins
  11 jackals
  15 kobolds
  4 quokkas
  2 ball pythons
  5 frilled lizards
  A jackal zombie (D:6)
  A leopard gecko skeleton (D:8)
  9 rats
224 creatures vanquished.

Vanquished Creatures (others)
  3 toadstools (D:5)
3 creatures vanquished.

Grand Total: 227 creatures vanquished

Notes
Turn   | Place    | Note
-------+----------+-------------------------------------------
     0 | Abyss:1  | Gargoyl the Centaur Abyssal Knight began the quest for the
                  | Orb.
     0 | Abyss:1  | Reached XP level 1. HP: 19/19 MP: 2/2
    44 | Abyss:2  | Found a roughly hewn altar of Beogh.
    75 | Abyss:2  | Noticed an orange demon
    76 | D:1      | Escaped the Abyss
   130 | D:1      | Reached * piety under Lugonu
   136 | D:1      | Reached XP level 2. HP: 21/26 MP: 3/3
   743 | D:1      | Reached skill level 1 in Dodging
   789 | D:1      | Reached XP level 3. HP: 28/31 MP: 4/4
  1016 | D:2      | Reached skill level 1 in Bows
  1266 | D:2      | Reached XP level 4. HP: 38/38 MP: 5/5
  1268 | D:2      | Reached ** piety under Lugonu
  1355 | D:2      | Noticed Sigmund
  1790 | D:3      | Reached skill level 2 in Bows
  2000 | D:2      | Noticed Terence
  2011 | D:2      | Killed Terence
  2195 | D:2      | Reached skill level 3 in Bows
  2454 | D:3      | Reached XP level 5. HP: 45/45 MP: 7/7
  3031 | D:4      | Noticed an ogre
  3057 | D:4      | Noticed Grinder
  3058 | D:4      | Killed an ogre
  3058 | D:4      | Reached skill level 4 in Bows
  3058 | D:4      | Reached XP level 6. HP: 52/52 MP: 8/8
  3059 | D:4      | Paralysed by Grinder for 2 turns
  3064 | D:5      | Entered Level 5 of the Dungeon
  3190 | D:5      | Reached skill level 5 in Bows
  3471 | D:5      | Got a polished falchion
  3473 | D:5      | Identified the cursed +0 falchion of the Morning {vamp, rC+
                  | Str+4 Dex-2} (You found it on level 5 of the Dungeon)
  3637 | D:6      | Reached *** piety under Lugonu
  3777 | D:6      | Gained mutation: Your spells are a little easier to cast,
                  | but a little less powerful. [potion of mutation]
  3777 | D:6      | Gained mutation: You are frail. (-10% HP) [potion of
                  | mutation]
  3777 | D:6      | Lost mutation: You are frail. (-10% HP) [potion of
                  | mutation]
  3777 | D:6      | Gained mutation: You have a beak for a mouth. [potion of
                  | mutation]
  3778 | D:6      | Lost mutation: You have a beak for a mouth. [potion of
                  | mutation]
  3778 | D:6      | Lost mutation: Your spells are a little easier to cast, but
                  | a little less powerful. [potion of mutation]
  3778 | D:6      | Gained mutation: You are weak. (Str -2) [potion of
                  | mutation]
  3778 | D:6      | Gained mutation: Your mind is acute. (Int +2) [potion of
                  | mutation]
  3800 | D:6      | Noticed a sky beast
  3820 | D:6      | Killed a sky beast
  3820 | D:6      | Reached skill level 6 in Bows
  3820 | D:6      | Reached XP level 7. HP: 59/59 MP: 9/9
  4228 | D:6      | Reached skill level 7 in Bows
  4327 | D:6      | Reached XP level 8. HP: 66/66 MP: 11/11
  4416 | D:6      | You fall through a shaft!
  4491 | D:7      | Reached skill level 8 in Bows
  4738 | D:7      | Found a blossoming altar of Fedhas.
  5187 | D:7      | Noticed Joseph
  5199 | D:7      | Killed Joseph
  5199 | D:7      | Reached skill level 9 in Bows
  5199 | D:7      | Reached skill level 5 in Invocations
  5467 | D:7      | Found an ancient bone altar of Kikubaaqudgha.
  5926 | D:8      | Reached **** piety under Lugonu
  5926 | D:8      | Reached XP level 9. HP: 73/73 MP: 12/12
  5939 | D:8      | Reached skill level 5 in Fighting
  6119 | D:8      | Reached skill level 10 in Bows
  6238 | D:8      | Found a viscous altar of Jiyva.
  6684 | D:8      | Reached skill level 11 in Bows
  7222 | D:9      | Reached XP level 10. HP: 55/82 MP: 14/14
  7230 | D:9      | Reached skill level 12 in Bows
  7848 | D:10     | Entered Level 10 of the Dungeon
  8136 | D:10     | Noticed a two-headed ogre
  8166 | D:10     | Killed a two-headed ogre
  8431 | D:9      | Reached ***** piety under Lugonu
  8620 | D:9      | Reached skill level 5 in Dodging
  9686 | D:10     | Found a staircase to the Lair.
  9707 | D:10     | Reached skill level 13 in Bows
  9732 | D:10     | Slain by a warg

Skill      XL: |  1  2  3  4  5  6  7  8  9 10 |
---------------+-------------------------------+-----
Axes           | 2 |  2.9
Dodging        | 1 2 3 4 5 |  5.1
Bows           | 1 3 4 6 7 9 11 13 | 13.0
Invocations    | 3 4 5 6 7 |  7.3
Armour         | 2 3 4 |  4.8
Fighting       | 4 5 6 |  6.2

Action                   |  1- 3 |  4- 6 |  7- 9 | 10-12 || total
-------------------------+-------+-------+-------+-------++-------
Melee: Hand axe          |    24 |       |    22 |    93 ||   139
       Kick              |     3 |       |     5 |    16 ||    24
       Longbow           |       |       |     1 |       ||     1
 Fire: Longbow           |    61 |   141 |   274 |    76 ||   552
Invok: Depart the Abyss  |     1 |       |       |       ||     1
       Bend Space        |       |     1 |       |       ||     1
  Use: Scroll            |     7 |     9 |       |     4 ||    20
       Potion            |       |     2 |     1 |     4 ||     7
  Eat: Chunk             |       |     3 |     5 |     5 ||    13
       Ration            |       |     1 |     1 |     1 ||     3
Armor: Leather armour    |    54 |       |       |       ||    54
       Scale mail        |       |    27 |    19 |       ||    46
       Skin              |       |       |     2 |    14 ||    16
       Chain mail        |       |       |    13 |    39 ||    52
Dodge: Dodged            |    47 |    44 |    70 |    58 ||   219
Block: Other             |       |     6 |     9 |    14 ||    29
       Reflection        |       |     1 |     1 |       ||     2
